Unix NetHack Version 5.0.0-0 post-release - last build May 30 2026 05:04:26 (55804bc15828dd6e32e9076e0726aa6fccb6e981,branch:main).

Game began 2026-05-29 22:52:01, ended 2026-05-30 23:43:47.

DosFlores, neutral male human Tourist

   --------   ##                                                       -----
   |.......##%#  -----------#                                         #....|
   |......|## ## |..........####                                      #|...|
   |<%....|#   ##|`.^......|#  ###############[########################....|
   |......|#    D|.........|#    -------------                        #-----
   |.......#    @|.......>+|#    |*..........|                        ###
   --------     uY.........|#####-.....*.....|                          #
                 ---.-.-----     |...-.---...|                          #
                    # ##         |...|.{ |...|                          ##
                    #  #         |..*|{.{|*..|            ---------------#
                    #  #         |...|.{.|...|            |.............|#
                    ## #         |...-----...|  #######+##-.............-#
                    -%-%---      |)*...*.....|###         |..........)..|
                    |.....|      |*.........*|#           |.............|
                    |.^.)..##### -------------#           |.............|
                    |.....|    #######(########           ---------------
                    -------

DosFlores the Excursionist  St:12 Dx:12 Co:16 In:15 Wi:10 Ch:13  Neutral
Dlvl:8  $:0  HP:0(65) Pw:33(33) AC:-3 Xp:8 T:6958 

Latest messages:
 The master lich touches you!
 You avoid harm.
 The master lich casts a spell at you!
 Your large round shield rusts!
 You miss the master lich.
 You miss the master lich.
 The master lich touches you!
 You're covered in frost!
 The master lich casts a spell!
 The master lich suddenly disappears!
 You miss it.
 It touches you!
 You avoid harm.
 You hear a mumbled curse.
 You miss it.
 You miss it.
 You miss it.
 You attack thin air.
 Monsters appear from nowhere!
 You miss the orange dragon.
 The owlbear hits!
 The owlbear misses!
 The owlbear misses!
 The orange dragon bites!
 The orange dragon hits!
 The orange dragon just misses!
 You miss the orange dragon.
 The owlbear hits!
 The owlbear misses!
 The owlbear hits!
 The orange dragon bites!
 The orange dragon hits!
 The orange dragon hits again!
 You hit the orange dragon.
 The owlbear misses!
 The owlbear misses!
 The owlbear misses!
 The orange dragon bites!
 The orange dragon hits!
 The orange dragon hits again!
 You hit the orange dragon!
 The owlbear hits!
 The owlbear hits again!
 The owlbear grabs you!
 You die...
 Do you want your possessions identified? [ynq] (y) y
 Do you want to see your attributes? [ynq] (y) y
 Do you want an account of creatures vanquished? [ynaq] (y) y
 Do you want to see your conduct and achievements? [ynq] (y) y
 Do you want to see the dungeon overview? [ynq] (y) y

Inventory:
 Weapons  (')')
  S - a blessed +2 dart
  s - 2 blessed +0 darts
  M - 18 +0 darts (at the ready)
  f - a cursed +0 dagger
  G - a +0 dwarvish mattock
  H - a blessed +1 dwarvish short sword (weapon in right hand)
 Armor    ('[')
  I - a blessed +2 dwarvish iron helm (being worn)
  J - an uncursed +0 pair of iron shoes (being worn)
  O - an uncursed rusty +0 dwarvish roundshield (being worn)
  P - an uncursed +0 dwarvish cloak (being worn)
  l - an uncursed +0 Hawaiian shirt with a sea turtle motif (being worn)
  q - an uncursed +0 dwarvish mithril-coat (being worn)
 Comestibles  ('%')
  L - 2 uncursed carrots
  B - an uncursed clove of garlic
  g - an uncursed cream pie
  z - an uncursed lichen corpse
 Scrolls  ('?')
  d - 2 uncursed scrolls of charging
  p - 2 cursed scrolls of identify
  V - an uncursed scroll of light
  j - a blessed scroll of magic mapping
  E - an uncursed scroll of teleportation
 Potions  ('!')
  e - an uncursed potion of healing
  c - a blessed potion of object detection
 Rings    ('=')
  W - an uncursed ring of stealth
  Y - an uncursed ring of sustain ability
 Wands    ('/')
  R - a wand of create monster (0:12)
  Q - a wand of sleep (0:3)
 Tools    ('(')
  n - an uncursed credit card
  m - an expensive camera (0:86)
  A - an uncursed towel
  T - a +0 unicorn horn
 Gems/Stones  ('*')
  x - an uncursed worthless piece of blue glass
  t - 2 uncursed worthless pieces of white glass

DosFlores the Tourist's attributes:

Background:
 You were an Excursionist, a level 8 male human Tourist.
 You were neutral, on a mission for The Lady
 who was opposed by Blind Io (lawful) and Offler (chaotic).
 You were right-handed.
 You were in the Dungeons of Doom, on level 8.
 You entered the dungeon 6958 turns ago.
 It was nighttime.
 You had 1482 experience points, 1078 more were needed to attain level 9.

Basics:
 You had 0 out of 65 hit points.
 You had all 33 energy points (spell power).
 Your armor class was -3.
 Your wallet was empty.
 Autopickup was off.

Final Characteristics:
 Your strength was 12 (limit:18/100).
 Your dexterity was 12 (peak:13, limit:18).
 Your constitution was 16 (limit:18).
 Your intelligence was 15 (limit:18).
 Your wisdom was 10 (limit:18).
 Your charisma was 13 (limit:18).

Final Status:
 You were held by an owlbear (southeast).
 You weren't hungry.
 You were unencumbered.
 You were wielding a short sword.
 You were skilled in short sword and could have enhanced that.

Final Attributes:
 You were piously aligned.
 Your items were somewhat protected from fire.
 Your items were somewhat protected from cold.
 You were telepathic.
 You were guarded.
 Your spell casting was impaired by metallic armor.
 You are dead.

Miscellaneous:
 You didn't encounter any bones levels.
 Total elapsed playing time was 1 hour, 30 minutes and 6 seconds.

Major events:
 Turn
    1: DosFlores the neutral male human Tourist entered the dungeon
  638: attained the rank of Sightseer (level 3)
 1325: entered the Gnomish Mines
 1434: was bestowed with Ogresmasher by The Lady
 3473: attained the rank of Excursionist (level 6)
 6958: killed by an owlbear

Spells:
 Name                 Level Category     Fail Retention
 healing                1   healing      100%  76%-100%
 turn undead            6   clerical     100%  76%-100%
 cure blindness         2   healing      100%  76%-100%

Skills:
 Fighting Skills
   bare handed combat [Unskilled]
   two weapon combat  [Unskilled]
   riding             [Unskilled]
 Weapon Skills
   dagger             [Unskilled]
   knife              [Unskilled]
   axe                [Unskilled]
   pick-axe           [Unskilled]
   short sword        [Skilled]
   broadsword         [Unskilled]
   long sword         [Unskilled]
   two-handed sword   [Unskilled]
   saber              [Unskilled]
   mace               [Unskilled]
   morning star       [Unskilled]
   flail              [Unskilled]
   hammer             [Unskilled]
   quarterstaff       [Unskilled]
   polearms           [Unskilled]
   spear              [Unskilled]
   trident            [Unskilled]
   lance              [Unskilled]
   bow                [Unskilled]
   sling              [Unskilled]
   crossbow           [Unskilled]
   dart               [Basic]
   shuriken           [Unskilled]
   boomerang          [Unskilled]
   whip               [Unskilled]
   unicorn horn       [Unskilled]
 Spellcasting Skills
   divination spells  [Unskilled]
   enchantment spells [Unskilled]
   escape spells      [Unskilled]

Voluntary challenges:
 Character rerolling was not enabled.
 You never genocided any monsters.
 You never changed form.
 You used no wishes.
Achievements:
 You attained the rank of Sightseer.
 You entered the Gnomish Mines.
 You attained the rank of Excursionist.

 The Dungeons of Doom: levels 1 to 8
    Level 1: "[vault]"
       A fountain.
    Level 2:
    Level 3:
       A fountain, a grave.
    Level 4:
       An altar to The Lady.
       Stairs down to The Gnomish Mines.
    Level 5:
       Some fountains.
    Level 6:
       A sink.
    Level 7:
       A fountain, a sink.
    Level 8: <- You were here.
       Many fountains.
       Final resting place for
          you, killed by an owlbear.
 The Gnomish Mines:
    Level 5:


Vanquished creatures:
  a tiger
  a tengu
  a python
  a carnivorous ape
 an ettin zombie
  a crocodile
  a quivering blob
  a leprechaun
  a baby long worm
  a dog
  a jaguar
  a blue jelly
  a black unicorn
  a raven
  2 gnome mummies
  a snake
 an ape
  a rope golem
  2 bugbears
  a rock piercer
  a rock mole
  2 fog clouds
  2 yellow lights
  a shrieker
  a violet fungus
  6 elf zombies
  a straw golem
  2 paper golems
  a floating eye
  2 kittens
  4 dwarves
  2 homunculi
  a kobold leader
  a kobold shaman
  9 hill orcs
  4 rothes
 12 orc zombies
  6 dwarf zombies
  a werejackal
  2 iguanas
 an acid blob
  2 coyotes
  2 gas spores
  a hobbit
  8 manes
  a large kobold
  a hobgoblin
  2 cave spiders
  a brown mold
  a yellow mold
  a green mold
  7 gnomes
  5 garter snakes
 12 gnome zombies
  a gecko
  5 jackals
  3 foxes
  2 kobolds
  a goblin
  4 sewer rats
  5 grid bugs
  2 bats
  5 lichens
  7 kobold zombies
 11 newts
174 creatures vanquished.

No species were genocided or became extinct.

Game over:
                       ----------
                      /          \
                     /    REST    \
                    /      IN      \
                   /     PEACE      \
                  /                  \
                  |    DosFlores     |
                  |       0 Au       |
                  |   killed by an   |
                  |     owlbear      |
                  |                  |
                  |                  |
                  |       2026       |
                 *|     *  *  *      | *
        _________)/\\_//(\/(/\)/\//\/|_)_______

Aloha DosFlores the Tourist...

You died in The Dungeons of Doom on dungeon level 8 with 6358 points,
and 0 pieces of gold, after 6958 moves.
You were level 8 with a maximum of 65 hit points when you died.

